 Dungeon Crawl Stone Soup version 0.21.1-1-g345015f (webtiles) character file.

22690 RudyRod the Blocker (level 12, 0/104 HPs)
             Began as a Minotaur Fighter on May 17, 2018.
             Was a High Priest of Okawaru.
             Slain by a frost giant
             ... wielding a +0 battleaxe of freezing
              (17 damage)
             ... in an ice cave.
             The game lasted 00:53:26 (11460 turns).

RudyRod the Blocker (Minotaur Fighter)             Turns: 11460, Time: 00:53:27

Health: 0/104      AC: 20    Str: 28    XL:     12   Next: 65%
Magic:  15/15      EV:  9    Int:  5    God:    Okawaru [*****.]
Gold:   985        SH:  0    Dex: 11    Spells: 11/11 levels left

rFire    . . .     SeeInvis +   E - +7 mace of Arrival {freeze, rN+ Str+3}
rCold    . . .     Gourm    .   c - +0 shield
rNeg     + . .     Faith    .   I - +0 plate armour
rPois    .         Spirit   .   j - +2 hat
rElec    .         Reflect  .   (no cloak)
rCorr    .         Harm     .   g - +1 pair of gloves
MR       .....                  w - +0 pair of boots
Stlth    ..........             (no amulet)
HPRegen  0.27/turn              q - ring of see invisible
MPRegen  0.14/turn              (no ring)

@: confused, frozen, hasted, quick
A: retaliatory headbutt, horns 2
a: Heroism, Finesse, Renounce Religion


You were in an ice cave.
You worshipped Okawaru.
Okawaru was extremely pleased with you.
You were not hungry.

You visited 3 branches of the dungeon, and saw 14 of its levels.
You also visited: Ice Cave.

You collected 985 gold pieces.

Inventory:

Hand Weapons
 E - the +7 mace of Arrival (weapon) {freeze, rN+ Str+3}
   (You found it on level 7 of the Dungeon)

   It has been specially enchanted to freeze those struck by it, causing extra
   injury to most foes and up to half again as much damage against particularly
   susceptible opponents.
   It can also slow down cold-blooded creatures.
   It affects your strength (+3).
   It protects you from negative energy.
 F - the +2 halberd "Garrued" {pain, rF- rN+ Str+5}
   (You found it on level 9 of the Dungeon)

   In the hands of one skilled in necromantic magic, it inflicts extra damage on
   living creatures.
   It affects your strength (+5).
   It makes you vulnerable to fire.
   It protects you from negative energy.
 U - a +2 eveningstar of venom
Missiles
 M - 7 javelins (quivered)
Armour
 c - a +0 shield (worn)
 g - a +1 pair of gloves (worn)
 j - a +2 hat (worn)
 m - a +1 scale mail of poison resistance
 w - a +0 pair of boots (worn)
 G - a +1 ring mail of fire resistance
 I - a +0 plate armour (worn)
Magical Staves
 a - an uncursed staff of wizardry {unknown}
 P - an uncursed staff of summoning {unknown}
Jewellery
 e - an uncursed ring of flight
 k - an uncursed ring of fire
 q - a ring of see invisible (left hand)
 R - an uncursed ring of fire
Wands
 A - a wand of acid (21)
 B - a wand of random effects (57)
 H - a wand of paralysis (17)
 K - a wand of disintegration (10)
 Q - a wand of flame (19)
Scrolls
 b - a scroll of identify
 l - 4 scrolls of enchant weapon
 n - 5 scrolls of amnesia
 o - a scroll of magic mapping
 r - 3 scrolls of teleportation
 s - 3 scrolls of fog
 v - 5 scrolls of remove curse
 y - a scroll of vulnerability {unknown}
 L - 2 scrolls of blinking
 V - 2 scrolls of summoning
Potions
 d - a potion of invisibility {unknown}
 h - a potion of brilliance
 i - a potion of magic {unknown}
 t - 2 potions of lignification
 u - 5 potions of flight
 x - a potion of agility
 z - 5 potions of curing
 D - a potion of haste
 J - a potion of mutation
Books
 C - a book of Misfortune

   Spells                             Type                      Level
   a - Confusing Touch                Hexes                        1
   b - Confuse                        Hexes                        3
   c - Gell's Gravitas                Translocation                3
   d - Petrify                        Transmutation/Earth          4
   e - Metabolic Englaciation         Hexes/Ice                    5
   f - Yara's Violent Unravelling     Hexes/Transmutation          5
Comestibles
 f - 24 rations
 N - 6 chunks of flesh


   Skills:
 + Level 9.2 Fighting
   Level 9.4(11.8) Axes
 + Level 11.5(12.7) Maces & Flails
 + Level 1.5 Throwing
 + Level 10.9 Armour
 + Level 5.1 Dodging
 + Level 1.2 Stealth
 + Level 12.1 Shields
 + Level 4.2 Invocations
 * Level 5.5 Evocations


You had 11 spell levels left.
You didn't know any spells.

Dungeon Overview and Level Annotations

Branches:
Dungeon (12/15)            Temple (1/1) D:7            Lair (1/6) D:9
    Orc (0/2) D:9

Altars:
Ashenzari
Cheibriados
Dithmenos
Elyvilon
Fedhas
Gozag
Hepliaklqana
Kikubaaqudgha
Makhleb
Nemelex Xobeh
Okawaru
Qazlal
Ru
Sif Muna
Trog
Uskayaw
Vehumet
Wu Jian
Xom
Yredelemnul
Zin
The Shining One
Beogh

Shops:
D:4 (   D:7 !}

Annotations:
D:12 Frances


Innate Abilities, Weirdness & Mutations

You reflexively headbutt those who attack you in melee.
You have a pair of horns on your head.


Message History

The rime drake breathes ice at you. The flash freeze hits you!
* * * LOW HITPOINT WARNING * * *
You are encased in ice.
You sock the rime drake! You freeze the rime drake.
You headbutt the rime drake.
The rime drake is heavily wounded.
You barely miss the rime drake. Your headbutt misses the rime drake.
The rime drake is heavily wounded.
The rime drake bites you.
* * * LOW HITPOINT WARNING * * *
You sock the rime drake!
The rime drake is almost dead.
You hit the rime drake. You freeze the rime drake.
You kill the rime drake!
Okawaru accepts your kill.
You are confused.
You feel invigorated.
The frost giant hits you with a battleaxe of freezing!
You die...

##.##.##
###..#.
##.#.#
##..#
####..#
####
#.##.##
#..#..#
##.##.##
##.#..#
##.##.#
###
#@##.##
##.##
##C#.#
#...##
#.Y.##
#รท#..##
#.#.#
##.#...#
##.###
#k###..##
#.##
#.###...##
#.##
#..###Ck.#
#..# #..#
##..##
##.# ##.#
#..Y#


You could see a frost giant and a yak.

Vanquished Creatures
  Gastronok (D:9)
  A hydra (D:9)
  A two-headed ogre (D:12)
  A skeletal warrior (D:11)
  Pikel (D:8)
  An ice statue (IceCv)
  Psyche (D:8)
  A rime drake (IceCv)
  A spiny frog (Lair:1)
  The ghost of microfolk the Caller, a novice TeSu (D:5)
  4 komodo dragons
  2 trolls
  13 polar bears (IceCv)
  Grinder (D:5)
  2 dream sheep (D:9)
  Prince Ribbit (D:6)
  2 hippogriffs
  25 yaks
  A basilisk (D:9)
  A wyvern (D:8)
  A wraith (D:10)
  Eustachio (D:6)
  2 hungry ghosts
  Grum (D:8)
  A steam dragon (D:12)
  2 porcupines (Lair:1)
  3 orc warriors
  A swamp drake (D:9)
  An ice beast (D:11)
  A sky beast (D:11)
  A black bear (D:12)
  3 phantoms
  4 necrophages
  4 slaves (D:7)
  5 ogres
  24 wolves
  4 centaurs
  5 big kobolds
  4 bullfrogs
  A gnoll sergeant (D:6)
  6 killer bees (D:10)
  3 scorpions
  4 wights (D:11)
  A howler monkey (D:6)
  6 crimson imps
  2 centaur zombies
  2 hounds
  A centaur skeleton (D:4)
  5 orc priests
  2 jellies
  7 orc wizards
  2 bullfrog skeletons
  Ijyb (D:5)
  Terence (D:2)
  3 iguanas
  5 worker ants
  3 hound skeletons
  2 worker ant zombies
  14 gnolls
  14 adders
  2 shadow imps
  12 white imps (Lair:1)
  4 worms
  2 leopard geckos
  38 orcs
  7 giant cockroaches
  4 goblins
  9 hobgoblins
  10 jackals
  2 quokkas
  A ball python (D:4)
  8 bats
  A frilled lizard (D:3)
  17 kobolds
  A leopard gecko skeleton (D:4)
  A quokka skeleton (D:5)
  5 rats
339 creatures vanquished.

Vanquished Creatures (others)
  A polar bear (IceCv)
  A crocodile (D:9)
2 creatures vanquished.

Grand Total: 341 creatures vanquished

Notes
Turn   | Place    | Note
-------+----------+-------------------------------------------
     0 | D:1      | RudyRod the Minotaur Fighter began the quest for the Orb.
     0 | D:1      | Reached XP level 1. HP: 19/19 MP: 0/0
    97 | D:1      | Reached XP level 2. HP: 27/27 MP: 1/1
   247 | D:1      | Reached skill level 4 in Shields
   495 | D:2      | Reached XP level 3. HP: 31/33 MP: 2/2
   782 | D:2      | Noticed Terence
   794 | D:2      | Killed Terence
   794 | D:2      | Reached XP level 4. HP: 22/40 MP: 3/3
  1239 | D:3      | Reached skill level 5 in Shields
  1243 | D:3      | Reached XP level 5. HP: 26/46 MP: 4/4
  1401 | D:4      | Reached skill level 1 in Dodging
  1771 | D:4      | Reached XP level 6. HP: 36/53 MP: 5/5
  1772 | D:4      | Found Hynenan's Antique Weapon Shop.
  1955 | D:4      | Reached skill level 5 in Armour
  2049 | D:4      | Reached skill level 6 in Shields
  2109 | D:4      | Reached skill level 5 in Axes
  2324 | D:4      | Reached XP level 7. HP: 49/60 MP: 6/6
  2339 | D:5      | Entered Level 5 of the Dungeon
  2366 | D:5      | Reached skill level 5 in Fighting
  2373 | D:5      | Noticed Grinder
  2377 | D:5      | Paralysed by Grinder for 7 turns
  2399 | D:5      | Killed Grinder
  2785 | D:5      | Noticed Ijyb
  2804 | D:5      | Killed Ijyb
  2893 | D:5      | Noticed microfolk's ghost (novice TeSu)
  3041 | D:5      | Reached XP level 8. HP: 60/68 MP: 7/7
  3452 | D:6      | Reached skill level 7 in Shields
  3511 | D:6      | Noticed Eustachio
  3526 | D:6      | Killed Eustachio
  3578 | D:5      | Killed microfolk's ghost
  3772 | D:6      | Reached skill level 8 in Shields
  3794 | D:6      | Reached XP level 9. HP: 68/75 MP: 8/8
  3801 | D:6      | Noticed Prince Ribbit
  3809 | D:6      | Killed Prince Ribbit
  3883 | D:6      | Found a glowing golden altar of the Shining One.
  4120 | D:7      | Found Plog's Distillery.
  4253 | D:7      | Found Moasaonom's Gadget Shoppe.
  4342 | D:7      | Found a staircase to the Ecumenical Temple.
  4349 | D:7      | Got an ebony mace
  4350 | D:7      | Identified the +7 mace of Arrival {freeze, rN+ Str+3} (You found it on level 7 of the Dungeon)
  4359 | Temple   | Entered the Ecumenical Temple
  4370 | Temple   | Became a worshipper of Warmaster Okawaru
  4782 | D:7      | Reached skill level 1 in Maces & Flails
  4920 | D:8      | Reached skill level 9 in Shields
  4950 | D:8      | Noticed Grum
  4962 | D:8      | Killed Grum
  4970 | D:8      | Noticed Psyche
  5177 | D:8      | Reached * piety under Okawaru
  5226 | D:8      | Noticed Pikel
  5262 | D:7      | Reached XP level 10. HP: 73/84 MP: 9/9
  5278 | D:8      | Killed Pikel
  5278 | D:8      | Reached ** piety under Okawaru
  5278 | D:8      | Reached skill level 5 in Maces & Flails
  5452 | D:8      | Paralysed by Psyche for 7 turns
  5461 | D:8      | Killed Psyche
  5461 | D:8      | Reached skill level 10 in Shields
  5461 | D:8      | Reached skill level 1 in Invocations
  5830 | D:9      | Found a transporter.
  6210 | D:9      | Found a shattered altar of Ashenzari.
  6553 | D:9      | Noticed a two-headed hydra
  6560 | D:9      | Killed a two-headed hydra
  6560 | D:9      | Reached *** piety under Okawaru
  6566 | D:9      | Got a jewelled halberd
  6577 | D:9      | Identified the cursed +2 halberd "Garrued" {pain, rF- rN+ Str+5} (You found it on level 9 of the Dungeon)
  6694 | D:9      | Noticed Gastronok
  6746 | D:9      | Killed Gastronok
  6746 | D:9      | Reached **** piety under Okawaru
  6746 | D:9      | Reached skill level 1 in Stealth
  6746 | D:9      | Reached skill level 1 in Evocations
  6746 | D:9      | Reached XP level 11. HP: 79/94 MP: 9/12
  6998 | D:9      | Found a staircase to the Lair.
  7122 | D:9      | Found a staircase to the Orcish Mines.
  7258 | D:9      | Noticed an orc knight
  7258 | D:9      | Found a roughly hewn altar of Beogh.
  7260 | D:9      | Noticed a two-headed ogre
  7277 | D:10     | Entered Level 10 of the Dungeon
  8572 | D:11     | Reached ***** piety under Okawaru
  8941 | D:12     | Noticed a two-headed ogre
  8948 | D:12     | Killed a two-headed ogre
  8999 | D:12     | Reached skill level 11 in Shields
  9020 | D:12     | Noticed Frances
  9022 | D:12     | Noticed a sun demon
  9190 | D:12     | Reached skill level 10 in Armour
  9301 | D:12     | Received a gift from Okawaru
  9387 | D:12     | Noticed a skeletal warrior
  9389 | D:12     | Noticed a skeletal warrior
  9391 | D:12     | Noticed a skeletal warrior
  9396 | D:12     | Noticed a white ugly thing
  9463 | D:11     | Killed a skeletal warrior
  9463 | D:11     | Reached skill level 10 in Maces & Flails
  9697 | Lair:1   | Entered Level 1 of the Lair of Beasts
  9745 | Lair:1   | Reached skill level 5 in Dodging
  9944 | Lair:1   | Found a frozen archway.
  9964 | Lair:1   | Reached XP level 12. HP: 40/103 MP: 14/14
 10008 | IceCv    | Entered an ice cave
 10481 | IceCv    | Received a gift from Okawaru
 10557 | IceCv    | Reached skill level 1 in Throwing
 10633 | IceCv    | Reached skill level 5 in Evocations
 11219 | IceCv    | Reached skill level 12 in Shields
 11389 | IceCv    | Noticed a frost giant
 11460 | IceCv    | Slain by a frost giant

Skill      XL: |  1  2  3  4  5  6  7  8  9 10 11 12 |
---------------+-------------------------------------+-----
Armour         | 4 5 6 7 8 10 | 10.9
Shields        | 4 5 6 8 9 10 11 12 | 12.1
Fighting       | 4 5 6 7 8 9 |  9.2
Axes           | 3 4 5 6 8 9 |  9.4
Dodging        | 1 2 3 4 5 |  5.1
Maces & Flails | 4 8 10 11 | 11.5
Invocations    | 3 4 |  4.2
Stealth        | 1 |  1.2
Evocations     | 1 3 5 |  5.5
Throwing       | 1 |  1.5

Action                   |  1- 3 |  4- 6 |  7- 9 | 10-12 || total
-------------------------+-------+-------+-------+-------++-------
Melee: War axe           |    66 |       |       |       ||    66
       Headbutt          |     9 |    17 |    71 |   142 ||   239
       Hand axe          |       |   126 |   235 |       ||   361
       Mace              |       |       |    76 |   600 ||   676
Throw: Tomahawk          |       |       |       |     1 ||     1
       Javelin           |       |       |       |    11 ||    11
Invok: Heroism           |       |       |       |    11 ||    11
Evoke: Wand              |       |       |       |    21 ||    21
  Use: Potion            |     1 |       |     2 |     9 ||    12
       Scroll            |       |       |       |    27 ||    27
 Stab: Confused          |       |       |       |     1 ||     1
  Eat: Chunk             |       |     5 |     9 |     9 ||    23
       Ration            |       |       |     1 |     4 ||     5
Armor: Scale mail        |    44 |    43 |    90 |     7 ||   184
       Ring mail         |       |       |       |     8 ||     8
       Plate armour      |       |       |       |   213 ||   213
Dodge: Dodged            |    25 |    42 |   106 |   153 ||   326
Block: Shield            |    38 |    63 |   174 |   366 ||   641
